 Dungeon Crawl Stone Soup version 0.29-a0-341-g24ffce5b50 (webtiles) character file.

Game seed: 7709020853860073088

25159 sokol815 the Covert (level 13, -5/92 HPs)
             Began as an Octopode Gladiator on Apr 21, 2022.
             Was an Initiate of Gozag.
             Slain by a six-headed hydra (10 damage)
             ... on level 3 of the Lair of Beasts.
             The game lasted 00:44:05 (14867 turns).

sokol815 the Covert (Octopode Gladiator)           Turns: 14867, Time: 00:44:06

Health: -5/92      AC:  3    Str: 13    XL:     13   Next: 17%
Magic:  17/22      EV: 22    Int: 14    God:    Gozag
Gold:   1398       SH:  6    Dex: 21    Spells: 6/12 levels left

rFire   . . .      SeeInvis +   a - +9 short sword of Gosif {venom, rF+ Will+ rCorr SInv}
rCold   + . .      Faith    .   Z - +1 buckler
rNeg    + . .      Spirit   .   b - +2 hat
rPois   +          Reflect  .   (no amulet)
rElec   .          Harm     .   X - ring of positive energy {rN+}
rCorr   +          Rampage  .   G - +4 ring of evasion
Will    +....                   m - +6 ring of dexterity
Stlth   +++++++...              w - ring of Onoedyne {rPois EV+4}
HPRegen 0.25/turn               V - ring of see invisible {sInv, !d}
MPRegen 0.18/turn               c - ring of ice {rC+, rF-}
                                E - ring of magical power {MP+9}
                                (no ring)

@: about to teleport, gold aura
A: almost no armour, amphibious, 8 rings, camouflage 1, gelatinous body 1,
(nimble swimmer 1), tentacles
a: Renounce Religion, Potion Petition, Call Merchant, Bribe Branch


You were on level 3 of the Lair of Beasts.
You worshipped Gozag.
Gozag was most pleased with you.
You visited 3 branches of the dungeon, and saw 12 of its levels.
You also visited: Sewer and Ossuary.

You collected 3694 gold pieces.
You spent 940 gold pieces at shops.
You paid 1356 gold pieces to Gozag.

Inventory:

Hand Weapons
 a - the +9 short sword of Gosif (weapon) {venom, rF+ Will+ rCorr SInv}
   (You found it on level 2 of the Dungeon)

   It poisons the flesh of those it strikes.
   rF:        It protects you from fire.
   SInv:      It lets you see invisible.
   rCorr:     It protects you from acid and corrosion.
   Will:      It increases your willpower.
 f - a +1 war axe of electrocution
 n - the +9 dagger of Thoughtfulness {vorpal, rF- Int+5}
   (You found it on level 4 of the Dungeon)

   It inflicts extra damage upon your enemies.
   Int:       It affects your intelligence (+5).
   rF:        It makes you vulnerable to fire.
 o - a +1 vorpal trident
   (You took it off an orc priest on level 4 of the Dungeon)
 u - a +2 short sword of draining
   (You took it off an orc priest on level 5 of the Dungeon)
 P - a +2 whip of electrocution
   (You found it on level 2 of the Lair of Beasts)
 W - the +3 flail "Galudgh" {vamp, Dex+2 Stlth+}
   (You found it on level 2 of the Lair of Beasts)

   It occasionally heals its wielder for a portion of the damage dealt when it
   wounds a living foe.
   Dex:       It affects your dexterity (+2).
   Stlth:     It makes you more stealthy.
Missiles
 h - 30 poisoned darts (quivered)
 j - 2 curare-tipped darts
 r - 3 throwing nets {!d}
 s - 621 stones
 v - 4 boomerangs
 A - 6 atropa-tipped darts
 H - a javelin
Armour
 b - a +2 hat (worn)
 Z - a +1 buckler (worn)
   (You found it on level 2 of the Lair of Beasts)
Magical Staves
 R - a staff of conjuration
   (You found it on level 2 of the Lair of Beasts)
Jewellery
 c - a ring of ice (on tentacle) {rC+, rF-}
   (You took it off a gnoll on level 8 of the Dungeon)
 m - a +6 ring of dexterity (on tentacle)
   (You found it on level 6 of the Dungeon)
 w - the ring of Onoedyne (on tentacle) {rPois EV+4}
   (You bought it in a shop on level 6 of the Dungeon)

   [ring of evasion]

   EV:        It affects your evasion (+4).
   rPois:     It protects you from poison.
 E - a ring of magical power (on tentacle) {MP+9}
   (You bought it in a shop on level 6 of the Dungeon)
 G - a +4 ring of evasion (right tentacle)
   (You found it on level 5 of the Dungeon)
 V - a ring of see invisible (on tentacle) {sInv, !d}
   (You found it on level 8 of the Dungeon)
 X - a ring of positive energy (left tentacle) {rN+}
   (You found it on level 2 of the Dungeon)
Wands
 d - a wand of digging (2)
   (You took it off Sonja on level 1 of the Lair of Beasts)
 i - a wand of iceblast (7)
   (You found it on level 5 of the Dungeon)
 p - a wand of paralysis (8)
   (You found it on level 5 of the Dungeon)
 q - a wand of flame (67)
   (You found it on level 4 of the Dungeon)
 y - a wand of mindburst (13)
   (You took it off Pikel on level 8 of the Dungeon)
Scrolls
 g - 2 scrolls of torment {!r}
 t - a scroll of enchant weapon
 x - 5 scrolls of fog
 C - 2 scrolls of vulnerability {!r!r}
 K - a scroll of immolation {!r}
 O - a scroll of silence
 Y - 4 scrolls of teleportation {@r3}
Potions
 e - a potion of attraction {!q}
 k - 3 potions of cancellation
 B - 3 potions of brilliance
 D - 3 potions of degeneration {unknown}
 I - 3 potions of invisibility
 J - 4 potions of curing {@q1}
 L - 6 potions of flight
 M - 2 potions of magic
 N - a potion of heal wounds {@q2}
 Q - 2 potions of lignification {!q}
 T - a potion of berserk rage {!q}
 U - 2 potions of mutation {!q}
Miscellaneous
 l - a condenser vane
   (You found it on level 8 of the Dungeon)
 z - a box of beasts
   (You found it on level 1 of the Lair of Beasts)


   Skills:
 - Level 10.2 Fighting
 * Level 10.2 Short Blades
 - Level 4.3 Axes
 - Level 2.0 Throwing
 - Level 3.0 Dodging
 * Level 14.1 Stealth
 + Level 1.2 Shields
 * Level 4.6 Conjurations
 + Level 6.4 Transmutations
 + Level 6.4 Fire Magic
 - Level 10.0 Poison Magic


You had 6 spell levels left.
You knew the following spells:

 Your Spells              Type           Power      Damage    Failure   Level
a - Ignite Poison         Fire/Tmut/Pois 21%        N/A       4%          3
x - Mephitic Cloud        Conj/Pois/Air  13%        N/A       16%         3

Your spell library contained the following spells:

 Spells                   Type           Power      Damage    Failure   Level
 Conjure Flame            Conj/Fire      15%        6-21      12%         3
 Apportation              Tloc           0%         N/A       36%         1
 Summon Small Mammal      Summ           0%         N/A       36%         1
 Sticky Flame             Conj/Fire      15%        2d4       36%         4
 Alistair's Intoxication  Tmut/Pois      15%        N/A       36%         5
 Call Canine Familiar     Summ           0%         N/A       75%         3
 Summon Guardian Golem    Hex/Summ       0%         N/A       75%         3
 Eringya's Noxious Bog    Tmut/Pois      11%        N/A       90%         6
 Freezing Cloud           Conj/Ice/Air   3%         6-21      99%         5
 Borgnjor's Vile Clutch   Necr/Erth      0%         N/A       100%        5
 Summon Forest            Summ/Tloc      0%         N/A       100%        5
 Summon Hydra             Summ           0%         N/A       100%        7


Dungeon Overview and Level Annotations

Branches:
Dungeon (8/15)             Temple (1/1) D:4            Lair (3/6) D:8
 Spider (0/4) Lair:2        Sewer (visited)         Ossuary (visited)
  Swamp: Lair:2-4    Shoals: Lair:2-4

Altars:
Ashenzari
Cheibriados
Dithmenos
Elyvilon
Fedhas
Gozag
Hepliaklqana
Kikubaaqudgha
Makhleb
Nemelex Xobeh
Okawaru
Qazlal
Ru
Sif Muna
Trog
Uskayaw
Vehumet
Wu Jian
Xom
Yredelemnul
Zin
The Shining One

Shops:
D:5 *!*   D:6 =   D:8 [

Annotations:
D:8 exclusions: hydra, skeletal warrior and troll
Lair:3 exclusion: hydra


Innate Abilities, Weirdness & Mutations

You cannot wear most types of armour.
You are amphibious.
You can wear up to eight rings at the same time.
Your skin changes colour to match your surroundings (Stealth+).
Your rubbery body absorbs attacks. (AC +1, EV +1)
((You are camouflaged when in or above water. (Stealth+)))
You have tentacles for arms and can constrict up to eight enemies at once.


Message History

You start resting.
Health restored: 92; MP restored: 22 You climb downwards.
There is a stone staircase leading up, spattered with blood here.
You now have 1358 gold pieces (gained 26).
Found a stone staircase leading down.
F - a scroll of enchant armour
As you read the scroll of enchant armour, it crumbles to dust.
Your +0 buckler glows green for a moment.
s - 621 stones (gained 15)
A swamp worm comes into view.
You hit the plant.
The plant begins to die.
You grab the plant. You squeeze the plant! You constrict the plant.
You puncture the plant! You squeeze the plant. You constrict the plant.
You puncture the plant! You constrict the plant.
Something bites the plant!!
The plant begins to die.
You puncture the plant! You squeeze the plant! You constrict the plant.
Something completely misses the plant.
You puncture the plant! You squeeze the plant! You constrict the plant.
You release your grip on the plant.
Something bites the plant!!
A nearby plant withers and dies.
You start waiting.
A swamp worm is nearby!
The swamp worm completely misses you.
You miss the swamp worm. Your grab misses the swamp worm.
You puncture the swamp worm! Your grab misses the swamp worm.
Your squeeze misses the swamp worm. The swamp worm barely misses you.
You puncture the swamp worm!
The swamp worm is poisoned.
Your grab misses the swamp worm. You squeeze the swamp worm!
The swamp worm completely misses you.
You hit the swamp worm. Your grab misses the swamp worm.
You squeeze the swamp worm.
You kill the swamp worm!
Your condenser vane has recharged.
You now have 1363 gold pieces (gained 5).
You pick up a Fen Folio and begin reading...
You add the spells Summon Forest and Summon Hydra to your library.
You now have 1398 gold pieces (gained 35).
A cane toad and an eight-headed hydra come into view.
The cane toad croaks.
The cane toad attacks as you move away! The cane toad stings you!
You take 17 damage, and have 75/92 hp.
You closely miss the cane toad. You grab the cane toad.
You squeeze the cane toad, but do no damage.
You constrict the cane toad. The cane toad barely misses you.
You puncture the cane toad!
You constrict the cane toad, but do no damage.
You hit the cane toad. You constrict the cane toad.
The cane toad barely misses you.
You hit the cane toad but do no damage. You squeeze the cane toad.
You constrict the cane toad. The cane toad misses you.
You puncture the cane toad! You squeeze the cane toad.
You constrict the cane toad. The cane toad closely misses you.
You hit the cane toad but do no damage. You constrict the cane toad.
You hit the cane toad. You constrict the cane toad.
You kill the cane toad!
You start resting.
A six-headed hydra comes into view.
You regained 3 hp, and now have 79/92 hp.
You can't see any susceptible monsters within range! (Use Z to cast anyway.)
Okay, then.
You see here 8 gold pieces.
Aim: a six-headed hydra (wandering, hasn't noticed you, not susceptible)
The ball explodes into a vile cloud!
The stinking cloud engulfs the six-headed hydra but does no damage.
The six-headed hydra roars!
An iguana comes into view.
You now have 19/22 mp.
The ball explodes into a vile cloud!
The stinking cloud engulfs the six-headed hydra but does no damage.
The six-headed hydra bites you. The six-headed hydra bites you!
You block the six-headed hydra's attack.
The six-headed hydra bites you! The six-headed hydra bites you.
The six-headed hydra misses you.
You take 36 damage, and have 43/92 hp.
MASSIVE DAMAGE!!
You now have 16/22 mp.
As you read the scroll of teleportation {@r3}, it crumbles to dust.
You feel strangely unstable. The six-headed hydra barely misses you.
The six-headed hydra bites you! The six-headed hydra barely misses you.
The six-headed hydra bites you. The six-headed hydra misses you.
The six-headed hydra bites you.
* * * LOW HITPOINT WARNING * * *
You take 19 damage, and have 24/92 hp.
MASSIVE DAMAGE!!
The six-headed hydra attacks as you move away!
The six-headed hydra bites you.
* * * LOW HITPOINT WARNING * * *
The six-headed hydra closely misses you.
You block the six-headed hydra's attack.
The six-headed hydra bites you!
* * * LOW HITPOINT WARNING * * *
The six-headed hydra closely misses you.
You block the six-headed hydra's attack.
You take 19 damage, and have 5/92 hp.
MASSIVE DAMAGE!!
The six-headed hydra attacks as you move away!
The six-headed hydra bites you!
You die...
Your body crumbles into a pile of gold.

...####.##♣♣♣§§♣♣♣♣
...........♣♣ §l..♣♣
............♣♣♣♣D..♣♣
...........♣♣≈≈≈≈...♣
..........♣♣≈≈≈≈≈≈≈♣♣
...........♣≈≈≈≈≈≈≈≈♣♣
...........♣≈≈≈≈≈≈...♣
...........♣♣♣♣♣♣♣$.♣♣
................@D...#
.....#.P.P###..###.#.#
....####### #### #####
....## .....# ...P##
...## ...# >..#


You could see a six-headed hydra.

Vanquished Creatures
  2 hydras
  A boulder beetle (Lair:2)
  Nergalle (Lair:1)
  Sonja (Lair:1)
  Pikel (D:8)
  A cyclops (D:8)
  6 elephants (Lair:3)
  3 black mambas
  Joseph (Lair:1)
  8 cane toads
  5 komodo dragons
  4 rime drakes
  A polar bear (Lair:2)
  A slime creature (D:8)
  Sigmund (D:6)
  A wyvern (D:7)
  23 yaks
  A redback (Lair:2)
  2 basilisks
  3 wargs
  2 swamp worms (Lair:3)
  7 water moccasins
  An ice beast (D:8)
  3 black bears
  11 wolves
  2 lemures (D:8)
  2 centaurs
  4 phantoms
  A gnoll sergeant (D:8)
  2 scorpions
  9 bullfrogs
  3 wights (D:8)
  2 howler monkeys (D:8)
  6 orc priests
  4 hounds
  3 jellies
  4 iguanas
  4 orc wizards
  A merfolk siren (Sewer)
  A merfolk avatar (Sewer)
  13 mummies (Ossuary)
  12 gnolls
  3 river rats (Sewer)
  5 adders
  4 shadow imps
  An ufetubus (D:5)
  2 worms (D:3)
  3 dart slugs (D:4)
  35 orcs
  5 endoplasms
  6 giant cockroaches
  6 hobgoblins
  4 jackals
  8 quokkas
  15 ball pythons
  3 bats
  9 frilled lizards
  2 goblins (D:1)
  A goblin skeleton (Ossuary)
  4 kobolds
  3 kobold skeletons (Ossuary)
  4 orc skeletons (Ossuary)
  19 rats
  11 rat skeletons (Ossuary)
317 creatures vanquished.

Vanquished Creatures (others)
  7 fungi
  20 plants
27 creatures vanquished.

Grand Total: 344 creatures vanquished

Notes
Turn   | Place    | Note
-------+----------+-------------------------------------------
     0 | D:1      | sokol815 the Octopode Gladiator began the quest for the
                  | Orb.
     0 | D:1      | Reached XP level 1. HP: 14/14 MP: 1/1
   456 | D:1      | Reached XP level 2. HP: 19/19 MP: 2/2
   667 | D:1      | Reached skill level 4 in Axes
  1101 | D:2      | Reached XP level 3. HP: 22/24 MP: 3/3
  1547 | D:2      | Identified the +9 short sword of Gosif {venom, rF+ Will+
                  | rCorr SInv}
  1863 | D:3      | Found a glowing drain.
  1874 | Sewer    | Entered a sewer
  1900 | Sewer    | Reached skill level 1 in Stealth
  1959 | Sewer    | Noticed a sickly merfolk siren
  1969 | Sewer    | Reached skill level 1 in Short Blades
  1969 | Sewer    | Reached XP level 4. HP: 29/29 MP: 4/4
  1973 | Sewer    | Reached skill level 2 in Stealth
  2041 | Sewer    | Reached skill level 2 in Short Blades
  2041 | Sewer    | Reached skill level 3 in Stealth
  2044 | Sewer    | Reached XP level 5. HP: 32/34 MP: 5/5
  2062 | Sewer    | Noticed a malarious merfolk avatar
  2088 | Sewer    | Killed a malarious merfolk avatar
  2544 | D:3      | Found a radiant altar of Vehumet.
  2681 | D:3      | Reached skill level 4 in Stealth
  2722 | D:3      | Found a faded altar of an unknown god.
  2844 | D:3      | Reached skill level 3 in Short Blades
  3091 | D:3      | Reached XP level 6. HP: 39/39 MP: 6/6
  3341 | D:4      | Learned a level 3 spell: Ignite Poison
  3444 | D:4      | Reached skill level 5 in Stealth
  3444 | D:4      | Reached skill level 1 in Poison Magic
  3590 | D:4      | Identified the +9 dagger of Thoughtfulness {vorpal, rF-
                  | Int+5}
  3603 | D:4      | Noticed a black bear
  3608 | D:4      | Killed a black bear
  3609 | D:4      | Reached skill level 1 in Transmutations
  3609 | D:4      | Reached skill level 1 in Fire Magic
  3609 | D:4      | Reached skill level 2 in Poison Magic
  3609 | D:4      | Reached XP level 7. HP: 45/45 MP: 7/7
  3789 | D:4      | Learned a level 3 spell: Mephitic Cloud
  3820 | D:4      | Found a staircase to the Ecumenical Temple.
  3827 | D:4      | Reached skill level 4 in Short Blades
  3832 | Temple   | Entered the Ecumenical Temple
  4521 | Temple   | Became a worshipper of Gozag Ym Sagoz the Greedy
  4678 | D:5      | Entered Level 5 of the Dungeon
  4678 | D:5      | Found Toluif's Distillery.
  4771 | D:5      | Reached skill level 6 in Stealth
  4918 | D:5      | Reached skill level 3 in Poison Magic
  5117 | D:5      | Found Kugafucu's CLEARANCE SALE!.
  5369 | D:5      | Found Houwaytuast's General Store.
  5380 | D:5      | Reached XP level 8. HP: 50/50 MP: 8/8
  5724 | D:6      | Reached skill level 2 in Fire Magic
  5737 | D:6      | Reached skill level 2 in Transmutations
  5841 | D:6      | Reached skill level 4 in Poison Magic
  5902 | D:6      | Reached skill level 7 in Stealth
  5917 | D:6      | Identified a scroll of acquirement
  5917 | D:6      | Acquired 1230 gold pieces
  5955 | D:6      | Noticed Sigmund
  5963 | D:6      | Killed Sigmund
  5964 | D:6      | Reached skill level 5 in Short Blades
  6021 | D:6      | Bought the ring of Onoedyne {rPois EV+4} for 660 gold
                  | pieces
  6522 | D:7      | Reached skill level 5 in Poison Magic
  6545 | D:7      | Found a sand-covered staircase.
  6549 | Ossuary  | Entered an ossuary
  6664 | Ossuary  | Reached skill level 8 in Stealth
  6815 | Ossuary  | Reached XP level 9. HP: 54/54 MP: 9/9
  6911 | D:7      | Reached skill level 3 in Transmutations
  6911 | D:7      | Reached skill level 3 in Fire Magic
  7177 | D:7      | Reached skill level 6 in Short Blades
  7250 | D:7      | Reached skill level 6 in Poison Magic
  7483 | D:8      | Found a staircase to the Lair.
  7600 | D:8      | Reached skill level 9 in Stealth
  7610 | D:8      | HP: 13/54 [poisoned by a water moccasin]
  7615 | D:8      | HP: 9/54 [yak (4)]
  8036 | D:8      | HP: 2/54 [wyvern (18)]
  8440 | D:7      | Reached skill level 7 in Poison Magic
  8444 | D:7      | Reached skill level 7 in Short Blades
  8454 | D:8      | Reached skill level 10 in Stealth
  8454 | D:8      | Reached skill level 4 in Transmutations
  8454 | D:8      | Reached skill level 4 in Fire Magic
  8455 | D:8      | Reached XP level 10. HP: 50/60 MP: 10/10
  8483 | D:8      | Noticed Pikel
  8492 | D:8      | Killed Pikel
  8869 | D:8      | Found Mivvec's Antique Armour Emporium.
  8884 | D:8      | Reached skill level 10 in Fighting
  8884 | D:8      | Reached XP level 11. HP: 81/81 MP: 11/11
  8924 | D:8      | Reached skill level 8 in Poison Magic
  8975 | D:8      | Identified the +1 robe "Awab" {Harm Str+4 Dex+3}
  9030 | D:8      | Noticed a five-headed hydra
  9048 | D:8      | Noticed a skeletal warrior
  9119 | D:8      | Noticed a cyclops
  9122 | D:8      | Killed a cyclops
  9649 | Lair:1   | Entered Level 1 of the Lair of Beasts
  9712 | Lair:1   | Noticed Joseph
  9718 | Lair:1   | Killed Joseph
  9719 | Lair:1   | Reached skill level 11 in Stealth
  9940 | Lair:1   | Reached skill level 8 in Short Blades
  9968 | Lair:1   | Noticed Nergalle
 10292 | Lair:1   | Noticed a four-headed hydra
 10304 | Lair:1   | Reached skill level 5 in Transmutations
 10304 | Lair:1   | Reached skill level 5 in Fire Magic
 10304 | Lair:1   | Reached skill level 9 in Poison Magic
 10306 | Lair:1   | HP: 28/121 [four-headed hydra (8)]
 10308 | Lair:1   | HP: 12/121 [four-headed hydra (8)]
 10317 | Lair:1   | Killed a four-headed hydra
 10454 | Lair:1   | Noticed Sonja
 10461 | Lair:1   | Killed Sonja
 10462 | Lair:1   | Reached skill level 12 in Stealth
 10462 | Lair:1   | Reached XP level 12. HP: 49/87 MP: 8/12
 11288 | Lair:1   | HP: 14/82 [spectral orc warlord/+2 long sword[Nergalle]
                  | (13)]
 11290 | Lair:1   | HP: 5/82 [spectral orc warlord/+2 long sword[Nergalle]
                  | (17)]
 11290 | Lair:1   | HP: 2/80 [spectral orc warlord/+2 long sword[Nergalle] (3)]
 11294 | Lair:1   | Killed Nergalle
 11295 | Lair:1   | Reached skill level 9 in Short Blades
 11295 | Lair:1   | Reached skill level 1 in Conjurations
 11873 | Lair:2   | Reached skill level 10 in Poison Magic
 12195 | Lair:2   | Reached skill level 2 in Conjurations
 12229 | Lair:2   | Noticed a boulder beetle
 12246 | Lair:2   | Killed a boulder beetle
 12247 | Lair:2   | Reached skill level 13 in Stealth
 12293 | Lair:2   | Found a hole to the Spider Nest.
 12430 | Lair:2   | Identified the +3 flail "Galudgh" {vamp, Dex+2 Stlth+}
 12588 | Lair:2   | Reached skill level 3 in Conjurations
 12871 | Lair:3   | Reached skill level 6 in Fire Magic
 12962 | Lair:3   | Reached skill level 6 in Transmutations
 13016 | Lair:3   | HP: 21/87 [elephant (3)]
 13315 | Lair:3   | Reached skill level 4 in Conjurations
 13325 | Lair:3   | Reached skill level 10 in Short Blades
 13325 | Lair:3   | Reached XP level 13. HP: 27/92 MP: 0/13
 13618 | Lair:3   | Identified the +3 scale mail of the Battered Spirits {rPois
                  | Str-5 Dex+8}
 13970 | D:6      | Bought a ring of magical power for 280 gold pieces
 14122 | Lair:3   | Reached skill level 14 in Stealth
 14127 | Lair:3   | Reached skill level 1 in Shields
 14313 | Lair:3   | HP: 10/92 [eight-headed hydra (14)]
 14865 | Lair:3   | HP: 18/92 [six-headed hydra (6)]
 14865 | Lair:3   | HP: 5/92 [six-headed hydra (13)]
 14867 | Lair:3   | Slain by a six-headed hydra

Illustrated notes

Levels and vault maps discovered:
D:1:      lightli_arrival_noodles, layout_rooms
D:2:      layout_loops_cross
D:3:      layout_rooms, mainiacjoe_overflow_paths, portal_sewer_entry_f,
          hellmonk_ecumenical_altar_inner_sanctum
D:4:      layout_loops_cross, minmay_temple_entry_proselytizer
D:5:      layout_rooms, serial_shops, shop, hangedman_decor_diamond_cutter,
          nicolae_stop_n_shop_2, nicolae_shop_clearance
D:6:      layout_loops_ring, uniq_sigmund
D:7:      layout_loops_ring, enter_ossuary_5, minivault_19
D:8:      minmay_tri_box, layout_basic, erik_lair_orcish_takeover, serial_shops,
          nicolae_lakefront_shop, dk_noncrumbling_4, minmay_diced_spiral,
          uniq_pikel
Temple:   nicolae_temple_the_god_donut
Lair:1:   layout_hall_layers, lemuel_fruit_fields, infiniplex_staircase_pool_2,
          uniq_nergalle, uniq_sonja, uniq_joseph
Lair:2:   layout_long_grid, spider_nest_entry_webs, grunt_megastairs_3,
          serial_bayou_shore_a, lemuel_fruit_tree
Lair:3:   layout_big_grid, palyth_hydra_swamp_entry, worms_lemuel

Skill      XL: |  1  2  3  4  5  6  7  8  9 10 11 12 13 |
---------------+----------------------------------------+-----
Axes           | 4 |  4.3
Stealth        | 1 3 4 5 6 8 10 12 13 14 | 14.1
Short Blades   | 1 2 3 4 5 7 8 10 | 10.2
Poison Magic   | 2 3 5 7 9 10 | 10.0
Transmutations | 1 2 4 5 6 |  6.4
Fire Magic     | 1 2 4 5 6 |  6.4
Fighting       | 10 | 10.2
Conjurations   | 4 |  4.6
Shields        | 1 |  1.2
Throwing       | |  2.0
Dodging        | |  3.0

Action                   |  1- 3 |  4- 6 |  7- 9 | 10-12 | 13-15 || total
-------------------------+-------+-------+-------+-------+-------++-------
Melee: War axe           |    49 |       |       |       |       ||    49
       Tentacles         |     9 |    10 |    38 |    80 |    22 ||   159
       Constrict         |     8 |    14 |    37 |    35 |     4 ||    98
       Short sword       |    20 |    82 |   206 |   260 |    45 ||   613
       Punch             |       |       |       |     6 |       ||     6
Throw: Dart              |       |       |       |    18 |     2 ||    20
       Throwing net      |       |       |       |     1 |       ||     1
       Stone             |       |       |       |     2 |       ||     2
 Cast: Ignite Poison     |       |       |       |    11 |     2 ||    13
       Mephitic Cloud    |       |       |       |     3 |    14 ||    17
Invok: Call Merchant     |       |       |     1 |       |       ||     1
       Potion Petition   |       |       |       |     2 |       ||     2
Evoke: Wand              |       |       |       |     4 |       ||     4
       Condenser vane    |       |       |       |     1 |       ||     1
  Use: Scroll            |     7 |     7 |    14 |     3 |     2 ||    33
       Potion            |       |       |     1 |     6 |       ||     7
 Stab: Sleeping          |    11 |    18 |    32 |    18 |     1 ||    80
       Distracted        |       |     1 |     1 |     3 |       ||     5
       Confused          |       |       |       |    10 |     4 ||    14
Armor: Skin              |     4 |    10 |     8 |    44 |     1 ||    67
Dodge: Dodged            |    44 |    46 |   120 |   177 |    29 ||   416
Block: Buckler           |       |       |       |       |     8 ||     8

Table legend: (Time is in decaauts)
 A = Elapsed time spent in this place.
 B = Non-inter-level travel time spent in this place.
 C = Inter-level travel time spent in this place.
 D = Time resting spent in this place.
 E = Time spent auto-exploring this place.
 F = Levels seen in this place.
 G = Mean time per level.
                   A        B        C        D        E       F      G
               +--------+--------+--------+--------+--------+-----+--------+
         Total |  14754 |  14021 |    733 |   4071 |   7381 |  14 | 1053.9 |
       Dungeon |   8121 |   7684 |    437 |   1654 |   4741 |   8 | 1015.1 |
        Temple |    703 |    639 |     64 |      0 |    622 |   1 |  703.0 |
          Lair |   4982 |   4750 |    232 |   2331 |   1537 |   3 | 1660.7 |
         Sewer |    622 |    622 |      0 |     86 |    283 |   1 |  622.0 |
       Ossuary |    324 |    324 |      0 |      0 |    198 |   1 |  324.0 |
               +--------+--------+--------+--------+--------+-----+--------+

Top non-repeatable levels by time:
  Lair:1: 2300 daAuts
  Lair:2: 2040 daAuts
     D:8: 1568 daAuts
     D:7: 1274 daAuts
     D:2: 1079 daAuts
     D:6: 969 daAuts
     D:5: 872 daAuts
     D:1: 840 daAuts
     D:4: 784 daAuts
     D:3: 731 daAuts
  Temple: 703 daAuts
  Lair:3: 640 daAuts
   Sewer: 622 daAuts
 Ossuary: 324 daAuts

Table legend:
 A = Kills in this place as a percentage of kills in entire the game.
 B = Kills by you in this place as a percentage of kills by you in the entire game.
 C = Kills by friends in this place as a percentage of kills by friends in the entire game.
 D = Other kills in this place as a percentage of other kills in the entire game.
 E = Experience gained in this place as a percentage of experience gained in the entire game.
 F = Experience gained in this place divided by the number of levels of this place that you have seen.
                   A       B       C       D       E      F
               +-------+-------+-------+-------+-------+----------------------
         Total | 100.0 | 100.0 |   N/A | 100.0 | 100.0 | 2152.9
       Dungeon |  51.4 |  51.9 |   N/A |   0.0 |  21.4 | 805.9
          Lair |  25.7 |  25.0 |   N/A | 100.0 |  77.2 | 7752.3
         Sewer |  12.7 |  12.8 |   N/A |   0.0 |   0.6 | 185.0
       Ossuary |  10.2 |  10.3 |   N/A |   0.0 |   0.8 | 251.0
               +-------+-------+-------+-------+-------+----------------------
